Map: Orbital Shipyard

Players

CunningStunt

  • Race: Protoss Protoss
  • League: Gold

Kice - Winner!

  • Race: Terran Terran
  • League: Platinum

VOD

Have the link to the VOD?

Description

Time

  • Played on: Sept. 5, 2015, 4:09 a.m.
  • Length: 4:48
Show
View Real Time Build Order
Export as new Build Order

CunningStunt Protoss 

Build Orders:  

Get SALT Encoding   

  12  0:00  Probe (Chrono Boost)  
  13  0:10  Probe (Chrono Boost)  
  14  0:18  Pylon  
  14  0:21  Probe (Chrono Boost)  
  15  0:36  Probe (Chrono Boost)  
  16  0:46  Probe (Chrono Boost)  
  17  0:56  Probe (Chrono Boost)  
  18  1:04  Gateway  
  18  1:06  Probe (Chrono Boost)  
  19  1:16  Probe (Chrono Boost)  
  20  1:25  Assimilator  
  20  1:27  Probe (Chrono Boost)  
  20  1:28  Pylon  
  20  1:29  Assimilator  
  21  1:41  Probe (Chrono Boost)  
  21  1:42  Nexus  
  22  1:52  Probe (Chrono Boost)  
  23  1:58  Cybernetics Core  
  23  2:02  Probe (Chrono Boost)  
  23  2:04  Zealot  
  26  2:13  Probe (Chrono Boost)  
  27  2:23  Probe (Chrono Boost)  
  28  2:33  Probe (Chrono Boost), Gateway  
  28  2:35  Gateway  
  29  2:39  Pylon  
  29  2:46  Warp Gate  
  29  2:48  Mothership Core (Chrono Boost)  
  31  2:55  Probe (Chrono Boost)  
  32  3:05  Probe (Chrono Boost)  
  33  3:06  Probe (Chrono Boost)  
  33  3:08  Adept  
  36  3:17  Robotics Facility  
  36  3:18  Probe (Chrono Boost)  
  36  3:19  Probe (Chrono Boost)  
  38  3:29  Probe x2 (Chrono Boost)  
  39  3:39  Probe (Chrono Boost)  
  40  3:45  Assimilator  
  40  3:46  Probe (Chrono Boost)  
  41  3:49  Probe (Chrono Boost)  
  41  3:50  Assimilator  
  41  3:52  Adept  
  41  4:04  Observer (Chrono Boost)  
  41  4:09  Zealot x2  
Show
View Real Time Build Order
Export as new Build Order

Kice Terran - Winner!

Build Orders:  

Get SALT Encoding   

  12  0:01  SCV  
  13  0:13  SCV  
  14  0:21  Supply Depot  
  14  0:25  SCV  
  15  0:43  SCV  
  15  0:45  Barracks  
  15  0:47  Refinery  
  16  0:55  SCV  
  17  1:04  Barracks  
  17  1:07  SCV  
  18  1:21  SCV  
  19  1:32  Marine  
  20  1:33  Orbital Command  
  20  1:53  Marine  
  21  1:55  Factory  
  21  1:59  SCV  
  22  2:04  Supply Depot, Barracks Tech Lab  
  22  2:12  SCV  
  22  2:13  Barracks Tech Lab  
  23  2:16  Supply Depot  
  22  2:25  Marauder  
  24  2:33  Marauder  
  24  2:36  Refinery  
  26  2:48  Widow Mine  
  28  2:54  SCV, Marauder  
  31  3:02  Marauder  
  33  3:13  Barracks  
  33  3:15  SCV, Marauder  
  33  3:18  Supply Depot  
  36  3:24  Widow Mine  
  38  3:29  Marauder  
  40  3:39  Concussive Shells, Marauder  
  42  3:51  Bunker  
  42  3:53  Marine  
  42  4:14  Marauder x2  
Tags
 
Add a new tag
Caveats
  • Supply blocks, unpowered buildings, or Contaminate may cause inaccurate times.
  • Supply counts are checked every 10 seconds.